 Dungeon Crawl Stone Soup version 0.23.0 (webtiles) character file.

Game seed: 5274917665171239365

39 LostNumber the Cutter (level 3, 0/20 HPs)
             Began as a Vine Stalker Berserker on Feb 9, 2019.
             Was a Follower of Trog.
             Succumbed to an adder's poison
             ... on level 2 of the Dungeon.
             The game lasted 00:02:16 (1061 turns).

LostNumber the Cutter (Vine Stalker Berserker)      Turns: 1061, Time: 00:02:16

Health: 0/20       AC:  2    Str: 18 (20) XL:     3   Next: 47%
Magic:  2/4        EV: 12    Int:  6 (7)  God:    Trog [*.....]
Gold:   52         SH:  0    Dex: 11 (13) Spells: 2/2 levels left

rFire    . . .     SeeInvis .   a - +0 short sword
rCold    . . .     Gourm    .   (no shield)
rNeg     . . .     Faith    .   b - +0 animal skin
rPois    .         Spirit   +   (no helmet)
rElec    .         Reflect  .   (no cloak)
rCorr    .         Harm     .   (no gloves)
MR       .....                  (no boots)
Stlth    +.........             (no amulet)
HPRegen  0.06/turn              (no ring)
MPRegen  0.09/turn              (no ring)

@: lethally poisoned (0 -> -5), berserk cooldown, very slightly contaminated,
hasted and slowed, invisible
A: fangs 2, magic shield, antimagic bite, no potion heal 3, rot immunity
a: Berserk, Renounce Religion


You were on level 2 of the Dungeon.
You worshipped Trog.
Trog was aware of your devotion.
You were not hungry.

You visited 1 branch of the dungeon, and saw 2 of its levels.

You collected 52 gold pieces.

Inventory:

Hand Weapons
 a - a +0 short sword (weapon)
Armour
 b - a +0 animal skin (worn)
Scrolls
 f - a scroll of remove curse {unknown}
 i - a scroll of teleportation {unknown}
 j - 2 scrolls of identify {unknown}
Potions
 d - a potion of haste {@q3}
Comestibles
 e - 4 rations {!d}


   Skills:
 + Level 3.0 Fighting
 * Level 3.3 Short Blades
 + Level 2.0 Armour
 + Level 1.9 Dodging


You had 2 spell levels left.
You didn't know any spells.
Your spell library was empty.

Dungeon Overview and Level Annotations

Branches:
Dungeon (2/15)

Altars:


Innate Abilities, Weirdness & Mutations

You have extremely sharp teeth.
When hurt, damage is shared between your health and your magic reserves.
Your bite disrupts and absorbs the magic of your enemies.
Potions cannot restore your health.
You are immune to rotting.


Message History

* * * LOW HITPOINT WARNING * * *
You feel sick.
* * * LOW HITPOINT WARNING * * *
You feel sick. The bat closely misses you.
Found 29 sling bullets.
A red film seems to cover your vision as you go berserk!
You feel yourself moving faster!
You feel mighty!
You are feeling very hungry.
* * * LOW HITPOINT WARNING * * *
You feel sick. The bat closely misses you. The adder misses you.
The adder completely misses you.
You hit the adder.
You kill the adder!
Trog accepts your kill.
Your Fighting skill increases to level 3!
Your Armour skill increases to level 2!
The bat closely misses you.
You closely miss the bat. The bat barely misses you.
You puncture the bat!
You kill the bat!
Trog accepts your kill.
* * * LOW HITPOINT WARNING * * *
You feel sick.
You start resting.
Eating a chunk of flesh.
You eat the chunk of flesh.
You feel a strong urge to attack something.
* * * LOW HITPOINT WARNING * * *
You feel sick.
Unknown command.
You feel your anger nearly subside.
You are no longer berserk.
You are exhausted.
You feel yourself slow down.
There is a lethal amount of poison in your body!
It was a potion of haste.
You feel yourself speed up.
* * * LOW HITPOINT WARNING * * *
You feel sick.
It was a potion of invisibility.
You fade into invisibility!
You are very lightly contaminated with residual magic.
It was a potion of degeneration.
There was something very wrong with that liquid.
You feel weakened.
You feel dopey.
You feel clumsy.
Unknown command.
* * * LOW HITPOINT WARNING * * *
You feel sick.
* * * LOW HITPOINT WARNING * * *
You feel sick.
You see here a bat corpse.
Okay, then.
Unknown command.
You die...

.######...>.
...........###
#....(.......
...#####....#
....######..#
..#.....##.# .#
#######....# ..##
##...########.....
#).#.#....@..%.#
#.##........!..#
#####.####"........#
..(.......†........#
...#######†..........
#.........##.
#.........#
#####...### .#.#


There were no monsters in sight!

Vanquished Creatures
  A gnoll (D:1)
  An adder (D:2)
  2 dart slugs (D:1)
  A ball python (D:1)
  A giant cockroach (D:1)
  A hobgoblin (D:1)
  4 bats
  A frilled lizard (D:1)
  4 goblins
  2 rats (D:1)
18 creatures vanquished.

Notes
Turn   | Place    | Note
-------+----------+-------------------------------------------
     0 | D:1      | LostNumber the Vine Stalker Berserker began the quest for
                  | the Orb.
     0 | D:1      | Reached XP level 1. HP: 11/11 MP: 2/2
    66 | D:1      | Reached XP level 2. HP: 12/16 MP: 1/3
   363 | D:1      | Reached XP level 3. HP: 9/19 MP: 4/4
  1054 | D:2      | HP: 1/20 [poisoned by an adder]
  1061 | D:2      | Succumbed to an adder's poison

Skill      XL: |  1  2  3 |
---------------+----------+-----
Short Blades   | 3 |  3.3
Fighting       | 3 |  3.0
Armour         | 2 |  2.0
Dodging        | |  1.9

Action                   || total
-------------------------++-------
Melee: Short sword       ||    43
       Bite              ||    10
Invok: Berserk           ||     2
  Use: Potion            ||     3
 Stab: Sleeping          ||     2
  Eat: Chunk             ||     2
Armor: Animal skin       ||     6
Dodge: Dodged            ||    30
